 Dungeon Crawl Stone Soup version 0.19-a0-1170-g18f0c96 (webtiles) character file.

706420 Leszczynek the Slayer (level 27, -9/388 HPs)
             Began as an Ogre Earth Elementalist on Aug 16, 2016.
             Was the Champion of Cheibriados.
             Killed by divine providence
             ... invoked by a daeva
              (14 damage)
             ... in Pandemonium.
             The game lasted 06:28:45 (40520 turns).

Leszczynek the Slayer (Ogre Earth Elementalist)    Turns: 40520, Time: 06:28:46

Health: -9/388     AC: 32    Str: 39    XL:     27
Magic:  2/37       EV: 24    Int: 30    God:    Cheibriados [******]
Gold:   2358       SH: 22    Dex: 35    Spells: 10 memorised, 15 levels left

rFire  + + .     SeeInvis .       - Unarmed
rCold  + . .     Gourm    .     (armour currently unavailable)
rNeg   + + .     Faith    .     C - +5 shield of the Shore {Dex+3 Slay+2}
rPois  ∞         Spirit   .     (helmet restricted)
rElec  +         Dismiss  .     D - +2 cloak {+Inv}
rCorr  +         Reflect  .     (gloves unavailable)
MR     +++++     Harm     .     (boots unavailable)
Stlth  +++....... Clarity  +    F - amulet of the Four Winds {rN+ MR+++ Clar}
                                o - ring of Peace {rCorr rElec rF+}
                                i - ring of protection from cold

@: statue-form, very slightly contaminated, regenerating, studying Fighting,
repel missiles, very slow
A: unfitting armour, fire resistance 1, screaming 1, strong 1, (tough skin 0),
no device heal 1
a: End Transformation, Bend Time, Temporal Distortion, Slouch, Step From Time,
Renounce Religion, Evoke Invisibility
}: 5/15 runes: decaying, serpentine, slimy, silver, demonic


You were in Pandemonium.
You worshipped Cheibriados.
Cheibriados was exalted by your worship.
You were very hungry.
You were a stone statue.
You visited 10 branches of the dungeon, and saw 52 of its levels.
You visited Pandemonium 1 time, and saw 17 of its levels.
You also visited: Bailey.

You collected 7851 gold pieces.
You spent 5493 gold pieces at shops.

Inventory:

Hand Weapons
 a - a +9 eveningstar of freezing
 b - a +3 blowgun
 c - a +3 sacred scourge of holy wrath
Missiles
 A - 76 large rocks (quivered)
 M - 2 needles of paralysis
 W - 9 needles of confusion
Armour
 C - the +5 shield of the Shore (worn) {Dex+3 Slay+2}
   (You took it off a deep elf demonologist on level 3 of the Elven Halls)

   It affects your dexterity (+3).
   It affects your accuracy and damage with ranged weapons and melee attacks
   (+2).
 D - a +2 cloak of invisibility (worn)
 X - a +7 fire dragon armour (melded)
Jewellery
 i - a ring of protection from cold (left hand)
 o - the ring of Peace (right hand) {rCorr rElec rF+}
   (You bought it in a shop on level 2 of the Orcish Mines)

   [ring of resist corrosion]

   It protects you from fire.
   It insulates you from electricity.
 q - the ring of Akkecat {Wiz +Inv rPois rN+ Dex+4}
   (You found it on level 2 of the Depths)

   [ring of wizardry]

   It improves your spell success rate.
   It affects your dexterity (+4).
   It protects you from poison.
   It protects you from negative energy.
   It lets you turn invisible.
 v - an uncursed ring of see invisible
 F - the amulet of the Four Winds (around neck) {rN+ MR+++ Clar}
   (You bought it in a shop on level 2 of the Orcish Mines)

   [amulet of nothing]

   It protects you from negative energy.
   It affects your resistance to hostile enchantments.
   It protects you against confusion.
 V - the ring of the Mage {Wiz MR++ Int+3}
   (You found it on level 5 of the Vaults)

   [ring of wizardry]

   It improves your spell success rate.
   It affects your intelligence (+3).
   It affects your resistance to hostile enchantments.
Wands
 f - a wand of teleportation (4/9)
 m - a wand of confusion (35/48)
 t - a wand of acid (9/15)
 N - a wand of heal wounds (6/9)
 O - a wand of digging (8/24)
 T - a wand of enslavement (21/24)
 Y - a wand of disintegration (8/24)
Scrolls
 e - 6 scrolls of teleportation
 h - 21 scrolls of remove curse
 k - 4 scrolls of fog
 l - 3 scrolls of summoning
 r - 7 scrolls of recharging
 w - 5 scrolls of fear
 y - 3 scrolls of blinking
 G - 3 scrolls of holy word
 K - 9 scrolls of magic mapping
 Q - 8 scrolls of identify
Potions
 g - 3 potions of magic
 s - 16 potions of flight
 u - 4 potions of cancellation
 x - 5 potions of cure mutation
 B - 4 potions of might
 E - 5 potions of agility
 I - a potion of ambrosia
 S - 28 potions of curing
 Z - 2 potions of resistance
Books
 U - a manual of Fighting
Miscellaneous
 p - 5 phantom mirrors
 z - a lamp of fire
 J - 3 sacks of spiders
 L - 6 boxes of beasts
 P - a phial of floods
 R - a fan of gales
Comestibles
 d - 20 bread rations
 n - 25 meat rations
 H - 54 fruits


   Skills:
 * Level 21.7 Fighting
 - Level 18.3 Maces & Flails
 + Level 17.4 Throwing
 - Level 10.7 Armour
 - Level 12.0 Dodging
 - Level 1.5 Stealth
 - Level 15.0 Shields
 + Level 18.4 Unarmed Combat
 - Level 10.0 Spellcasting
 - Level 6.0 Charms
 - Level 6.3 Necromancy
 - Level 6.6 Translocations
 - Level 12.0 Transmutations
 - Level 12.1 Earth Magic
 - Level 16.3 Invocations
 - Level 10.5 Evocations


You had 15 spell levels left.
You knew the following spells:

 Your Spells              Type           Power        Failure   Level  Hunger
a - Apportation           Tloc           ######....   1%          1    None
b - Passwall              Tmut/Erth      ######....   1%          2    None
c - Portal Projectile     Tloc           ######       1%          3    None
d - Passage of Golubria   Tloc           N/A          2%          4    None
e - Blink                 Tloc           N/A          1%          2    None
f - Confuse               Hex            ###.....     12%         3    None
g - Silence               Hex/Air        ###.......   87%         5    ###....
h - Statue Form           Tmut/Erth      ######...    4%          6    #####..
q - Regeneration          Chrm/Necr      ######....   1%          3    None
w - Repel Missiles        Chrm/Air       ####..       1%          2    None


Dungeon Overview and Level Annotations

Branches:
Dungeon (15/15)            Temple (0/1) D:7            Lair (6/6) D:8
  Swamp (4/4) Lair:4        Snake (4/4) Lair:2        Slime (5/5) Lair:6
    Orc (2/2) D:12            Elf (3/3) Orc:2        Vaults (5/5) D:14
  Crypt (3/3) Vaults:3       Tomb (0/3) Crypt:3      Depths (5/5) D:15
    Zot (0/5) Depths:5

Altars:
Ashenzari
Cheibriados
Dithmenos
Elyvilon
Gozag
Hepliaklqana
Kikubaaqudgha
Makhleb
Okawaru
Pakellas
Sif Muna
Trog
Uskayaw
Xom
Yredelemnul
Beogh
Jiyva

Shops:
D:15 :   Orc:2 [}?=   Elf:3 !*}   Snake:4 }   Vaults:3 *   Vaults:4 (
Depths:3 %

Portals:
Hell: Depths:1 Depths:2 Depths:3 Depths:5
Abyss: Depths:2
Pandemonium: Depths:1 Depths:3
Ziggurat: Depths:3

Annotations:
D:5 Shenda's ghost, novice DDFi
D:6 Shenda's ghost, novice DsGl
D:10 !psyche with distortion, exclusion: downstairs, Psyche; Sonja
D:11 1 exclusion
D:12 orc maybe
D:14 vaults
Lair:1 exclusion: electric eel
Vaults:5 Sojobo
Depths:5 3 runed doors, exclusion: upstairs


Innate Abilities, Weirdness & Mutations

You are too large for most types of armour.
((You have tough skin. (AC +1)))
Your flesh is heat resistant. (rF+)
You occasionally shout uncontrollably at your foes.
Your muscles are strong. (Str +2)
Potions and wands are less effective at restoring your health.


Message History

Your skin is crawling a little less now.
Unknown command.
Evoke which item? (* to show all) (? for menu, Esc to quit)
Okay, then.
Casting: Statue Form
Confirm with . or Enter, or press ? or * to list all spells.
Your skin crawls.
Unknown command.
Casting: Regeneration
Confirm with . or Enter, or press ? or * to list all spells.
Aiming: Apportation
Press: ? - help, Dir - move target cursor Apport: a large rock
Okay, then.
The daeva calls down the wrath of the Shining One upon you.
The Shining One smites you!
* * * LOW HITPOINT WARNING * * *
The daeva calls down the wrath of the Shining One upon you.
The Shining One smites you!
You die...

##....# ..
#.....##. #.......
#...... #.....#
#.....# #.....+
#..8..# #.....#
#.....#######
#.....s......
#....(.......
#....(##...#
#....(##...#
#....((...A##
#..)...)..........


You could see a daeva and a demonic crawler.

Vanquished Creatures
  the Royal Jelly (Slime:5)
  A seraph (Pan)
  Mara (Elf:3)
  3 ancient liches (Crypt:3)
  6 pandemonium lords (Pan)
  2 juggernauts (Depths:2)
  Boris (thrice) (Vaults:5 Depths:3 Depths:5)
  Bai Suzhen (D:15)
  the Lernaean hydra (Swamp:4)
  Margery (Depths:2)
  Saint Roka (Elf:3)
  Vashnia (Snake:4)
  A profane servitor (Crypt:3)
  5 golden dragons
  Jory (Depths:5)
  2 pearl dragons (Pan)
  2 bone dragons (Crypt:3)
  A Tzitzimitl (Pan)
  A Brimstone Fiend (Pan)
  4 liches
  A Hell Sentinel (Pan)
  Jorgrun (Swamp:2)
  2 tentacled monstrosities
  6 Ice Fiends (Pan)
  2 quicksilver dragons
  6 titans
  2 deep elf blademasters
  12 acid blobs
  2 sphinxes
  11 ancient champions
  Frances (Swamp:2)
  Kirke (Swamp:3)
  The ghost of 4thArraOfDagon the Brawler, an adept TrAs of Okawaru (Swamp:4)
  5 Executioners (Pan)
  4 storm dragons
  4 thorn hunters
  The ghost of ximxim the Tortoise, an adept MiFi of Uskayaw (Swamp:4)
  A draconian monk (Depths:5)
  5 shadow dragons
  Donald (Elf:3)
  10 greater nagas
  3 revenants
  4 fire giants
  13 daevas (Pan)
  7 tengu reavers
  7 azure jellies
  An iron dragon (Depths:5)
  11 deep elf sorcerers
  Louise (Elf:3)
  8 frost giants
  5 warmongers (Pan)
  2 orc warlords
  A ghost moth (shapeshifter) (Depths:4)
  3 curse skulls
  2 cacodemons (Pan)
  8 balrugs (Pan)
  A draconian zealot (Depths:5)
  4 deep elf elementalists
  Aizul (Swamp:2)
  16 vault wardens
  22 angels (Pan)
  4 ghouls
  6 reapers (Pan)
  21 very ugly things
  17 stone giants
  11 ironheart preservers
  3 blood saints (Pan)
  The ghost of 4thArraOfDagon the Brawler, a journeyman TrAr of Dithmenos (Orc:2)
  2 war gargoyles (Vaults:5)
  30 apis (Pan)
  3 entropy weavers
  A spriggan defender (Depths:2)
  5 vampire knights
  2 chaos champions (Pan)
  11 deep elf demonologists
  15 ophanim (Pan)
  Nessos (D:15)
  6 black suns (Pan)
  2 green draconians (Depths:5)
  2 yellow draconians (Depths:5)
  A mottled draconian (Depths:5)
  5 spark wasps
  3 corrupters (Pan)
  5 black draconians (Depths:5)
  4 lorocyprocas (Pan)
  8 deep elf annihilators
  6 purple draconians (Depths:5)
  Azrael (D:14)
  2 eidola (Crypt:3)
  8 deep elf death magi
  3 merfolk javelineers
  2 pearl dragon zombies (Crypt:3)
  4 death oozes (Slime:5)
  11 blizzard demons (Pan)
  5 fire dragons
  4 jiangshi
  13 ettins
  7 green deaths (Pan)
  18 hydras
  9 ice dragons
  9 yaktaur captains
  7 great orbs of eyes
  6 deep elf high priests
  34 vault guards
  3 hell beasts
  5 spriggan air magi
  14 monstrous demonspawn (Pan)
  9 rakshasas
  15 anacondas
  16 centaur warriors
  2 ghost crabs
  21 naga warriors
  3 catoblepae
  34 dancing weapons
  6 death knights
  Erica (D:8)
  9 alligators
  7 death yaks
  14 deep troll shamans
  3 spriggan berserkers
  5 deep troll earth magi
  8 tengu warriors
  12 ogre magi
  4 orc high priests
  6 vampire magi
  17 naga sharpshooters
  6 shock serpents
  13 soul eaters (Pan)
  8 hell knights
  6 hell hogs
  18 deep elf knights
  2 fire crabs (shapeshifter)
  25 sun demons
  Nergalle (Lair:1)
  5 salamander mystics
  7 sixfirhies (Pan)
  2 small abominations (Elf:3)
  13 skeletal warriors
  8 gelid demonspawn (Pan)
  3 unseen horrors
  8 giant orange brains
  10 iron trolls
  A storm dragon skeleton (Crypt:3)
  4 flayed ghosts
  13 cherubim (Pan)
  12 infernal demonspawn (Pan)
  A sea snake (shapeshifter) (Depths:5)
  A tengu zombie (Vaults:4)
  A ghost moth zombie (Crypt:3)
  37 deep trolls
  7 torturous demonspawn (Pan)
  7 putrid demonspawn (Pan)
  9 naga ritualists
  14 swamp dragons
  3 hill giants
  A spriggan druid (Swamp:3)
  A shadow demon (Pan)
  A shambling mangrove (Swamp:1)
  21 deep elf archers
  An obsidian statue (Vaults:2)
  2 golden dragon skeletons
  2 wizards
  A harpy (shapeshifter) (Depths:2)
  55 deep elf magi
  8 necromancers
  17 ironbrand convokers
  11 phantasmal warriors
  A lindwurm (shapeshifter) (Vaults:5)
  23 orc knights
  12 large abominations (Pan)
  5 mana vipers
  44 ugly things
  2 wolf spiders
  4 orc sorcerers
  2 shining eyes (shapeshifter)
  A manticore (D:15)
  A griffon (Lair:2)
  8 shining eyes
  A cyclops (shapeshifter) (Vaults:3)
  16 salamanders
  4 apis skeletons (Crypt:3)
  3 human zombies
  3 elephants (Lair:4)
  A hell hog zombie (Crypt:3)
  A hornet (shapeshifter) (Vaults:3)
  10 cyclopes
  An iron dragon skeleton (Crypt:2)
  2 human skeletons
  4 hornets
  2 centaur zombies
  An eye of devastation (Slime:3)
  11 guardian serpents
  16 naga magi
  A titan simulacrum (Vaults:4)
  22 black mambas
  20 smoke demons (Pan)
  9 orange demons
  2 molten gargoyles (Lair:3)
  26 spiny frogs
  10 vault sentinels
  3 gargoyles
  7 centaur skeletons
  A spiny frog (shapeshifter) (Vaults:4)
  4 tengu conjurers
  9 tormentors (Pan)
  47 yaktaurs
  An emperor scorpion zombie (Crypt:2)
  3 kobold demonologists
  2 rime drakes (shapeshifter)
  5 komodo dragons
  A hellion (Pan)
  5 demonic crawlers (Pan)
  A rime drake (Lair:3)
  6 freezing wraiths
  5 hellwings (Pan)
  3 ice devils (Pan)
  A sea snake zombie (Crypt:3)
  10 red devils
  A komodo dragon (shapeshifter) (Vaults:5)
  2 guardian mummies
  A white draconian skeleton (Crypt:2)
  9 giant leeches
  A queen bee (D:13)
  A wind drake (shapeshifter) (Depths:3)
  A jumping spider (Vaults:5)
  A hydra zombie (Swamp:3)
  4 trolls
  A wolf spider simulacrum (D:14)
  62 slime creatures
  23 two-headed ogres
  7 bog bodies
  A two-headed ogre (shapeshifter) (Vaults:1)
  A raiju (shapeshifter) (Vaults:3)
  11 blink frogs
  7 boulder beetles
  2 ice dragon zombies (Crypt:3)
  A fire giant simulacrum (Vaults:2)
  7 flying skulls
  A hydra skeleton (Crypt:3)
  4 redbacks
  7 spriggans
  6 air elementals
  6 shadows
  5 wraiths
  20 ynoxinuls (Pan)
  4 vampires
  A tarantella (shapeshifter) (Depths:2)
  14 water elementals
  10 fire elementals
  Grum (D:8)
  A basilisk (shapeshifter) (Vaults:3)
  18 yaks
  4 hungry ghosts
  3 basilisks
  5 hippogriffs
  16 vampire mosquitoes
  A human simulacrum (Vaults:4)
  6 chaos spawn
  8 neqoxecs
  17 insubstantial wisps
  A warg (shapeshifter) (Elf:2)
  6 wargs
  3 mottled dragons
  73 nagas
  9 hell hounds
  13 water moccasins
  19 swamp worms
  2 giant eyeballs (Depths:2)
  A spiny frog zombie (Crypt:2)
  A giant eyeball (shapeshifter) (Vaults:5)
  80 orc warriors
  3 porcupines (Lair:1)
  4 sky beasts
  A deep troll skeleton (Vaults:4)
  16 swamp drakes
  An ice beast (D:11)
  A ghost crab zombie (Crypt:3)
  An elf zombie (Vaults:4)
  A black bear (shapeshifter) (Vaults:2)
  11 wasps
  An elephant zombie (Lair:4)
  5 eyes of draining
  5 necrophages
  55 ogres
  19 wolves
  4 boggarts (Vaults:1)
  An elf skeleton (Vaults:4)
  12 crocodiles
  49 centaurs
  3 big kobolds (D:12)
  2 big kobolds (shapeshifter)
  24 giant frogs
  2 gnoll sergeants
  2 earth elementals (Elf:1)
  2 wyvern skeletons
  2 water moccasin zombies
  6 scorpions
  A spriggan zombie (Crypt:2)
  20 killer bees
  An orc simulacrum (Vaults:2)
  4 wights (D:8)
  A warg skeleton (Crypt:2)
  3 howler monkeys
  A spectral giant frog (D:13)
  8 electric eels
  5 crimson imps
  5 lava snakes (Lair:3)
  A giant frog zombie (D:8)
  2 basilisk zombies (Lair:4)
  2 quasits
  4 hounds
  17 orc priests
  16 jellies
  3 iguanas
  2 giant frog skeletons
  16 orc wizards
  2 hell rats (Lair:2)
  13 worker ants
  6 sheep
  2 crocodile zombies
  3 centaur simulacra
  A tengu skeleton (Crypt:2)
  A naga skeleton (Crypt:3)
  A hound skeleton (D:4)
  6 mummies (Crypt:1)
  A howler monkey skeleton (D:8)
  A swamp drake zombie (Swamp:3)
  3 adders
  17 gnolls
  30 river rats
  A hound simulacrum (D:11)
  6 shadow imps
  4 white imps
  4 ufetubi
  2 oozes
  An adder zombie (D:7)
  A worm (D:2)
  2 dart slugs
  6 giant geckos
  103 orcs
  19 goblins
  9 hobgoblins
  3 jackals
  19 kobolds
  4 quokkas
  7 bats
  A giant cockroach zombie (Crypt:3)
  A giant gecko zombie (D:8)
  4 giant newts
  An orc zombie (Crypt:1)
  A quokka zombie (D:7)
  5 rats
  A briar patch (Swamp:4)
  2 crawling corpses (Elf:3)
  A fungus (Lair:2)
  4 plants
2673 creatures vanquished.

Vanquished Creatures (collateral kills)
  A slime creature (Slime:5)
1 creature vanquished.

Vanquished Creatures (others)
  A deep elf elementalist (Vaults:5)
  A very ugly thing (Depths:2)
  A deep elf knight (Elf:2)
  A wizard (Vaults:1)
  A torturous demonspawn (Pan)
  2 deep elf magi
  A black mamba (shapeshifter) (Depths:5)
  3 slime creatures (D:14)
  4 humans (Swamp:3)
  A warg (Vaults:1)
  A sky beast (D:14)
  An orc warrior (Elf:3)
  2 ogres
  A centaur (Depths:3)
  A human skeleton (Vaults:4)
  2 orcs
  5 fungi
  67 plants
96 creatures vanquished.

Grand Total: 2770 creatures vanquished

Notes
Turn   | Place    | Note
-------+----------+-------------------------------------------
     0 | D:1      | Leszczynek the Ogre Earth Elementalist began the quest for the Orb.
     0 | D:1      | Reached XP level 1. HP: 16/16 MP: 3/3
    48 | D:1      | Reached skill level 1 in Fighting
    88 | D:1      | Reached skill level 1 in Maces & Flails
    96 | D:1      | Reached XP level 2. HP: 24/27 MP: 3/5
   119 | D:1      | Learned a level 2 spell: Passwall
   164 | D:1      | Reached skill level 2 in Maces & Flails
   437 | D:2      | Reached skill level 2 in Fighting
   460 | D:2      | Found a faded altar of an unknown god.
   470 | D:2      | Found an opulent altar of Gozag.
   507 | D:2      | Reached XP level 3. HP: 33/35 MP: 6/6
   534 | D:2      | Found a basalt altar of Yredelemnul.
   586 | D:2      | Found a white marble altar of Elyvilon.
   789 | D:3      | Found a snail-covered altar of Cheibriados.
   804 | D:3      | Reached skill level 3 in Maces & Flails
   894 | D:3      | Reached skill level 4 in Maces & Flails
   894 | D:3      | Reached skill level 1 in Shields
   894 | D:3      | Reached XP level 4. HP: 33/42 MP: 3/7
  1081 | D:3      | Became a worshipper of Cheibriados the Contemplative
  1566 | D:4      | Reached skill level 5 in Maces & Flails
  1566 | D:4      | Reached XP level 5. HP: 45/49 MP: 8/8
  1702 | D:3      | Noticed a phantom
  1708 | D:3      | Reached skill level 2 in Shields
  1786 | D:2      | Found an oddly glowing altar of Pakellas.
  1908 | D:3      | Found a burning altar of Makhleb.
  1919 | D:3      | Reached skill level 6 in Maces & Flails
  1919 | D:3      | Reached XP level 6. HP: 49/57 MP: 9/9
  2178 | D:5      | Entered Level 5 of the Dungeon
  2233 | D:5      | Reached skill level 7 in Maces & Flails
  2233 | D:5      | Reached skill level 3 in Shields
  2259 | D:5      | Noticed Shenda's ghost (novice DDFi)
  2296 | D:5      | Reached XP level 7. HP: 59/65 MP: 10/10
  2321 | D:5      | Reached * piety under Cheibriados
  2416 | D:5      | Found a bloodstained altar of Trog.
  2699 | D:5      | Reached skill level 8 in Maces & Flails
  2699 | D:5      | Reached skill level 4 in Shields
  2728 | D:6      | Noticed Shenda's ghost (novice DsGl)
  2730 | D:6      | god damn it shenda
  2730 | D:6      | what are you doing
  2782 | D:5      | Gained mutation: You have a pair of small horns on your head. [potion of mutation]
  2782 | D:5      | Gained mutation: You have a pair of horns on your head. [potion of mutation]
  2782 | D:5      | Gained mutation: You are resistant to hostile enchantments. (MR+) [potion of mutation]
  2793 | D:5      | HP: 4/65 [Shenda's ghost (13)]
  3277 | D:5      | Found an iron altar of Okawaru.
  3301 | D:5      | Gained mutation: Your muscles are strong. (Str +2) [potion of mutation]
  3301 | D:5      | Lost mutation: You have a pair of horns on your head. [potion of mutation]
  3301 | D:5      | Gained mutation: Your flesh is heat resistant. (rF+) [potion of mutation]
  3422 | D:6      | Reached XP level 8. HP: 61/72 MP: 11/11
  3520 | D:6      | Reached skill level 9 in Maces & Flails
  3520 | D:6      | Reached skill level 5 in Shields
  3611 | D:7      | Found a staircase to the Ecumenical Temple.
  3872 | D:7      | Reached skill level 10 in Maces & Flails
  4148 | D:7      | Reached skill level 6 in Shields
  4171 | D:7      | Reached skill level 11 in Maces & Flails
  4171 | D:7      | Reached XP level 9. HP: 55/79 MP: 12/12
  4181 | D:7      | Found a hide-covered altar of Uskayaw.
  4376 | D:8      | nice, spatial transloc
  4381 | D:8      | Learned a level 4 spell: Passage of Golubria
  4384 | D:8      | Learned a level 2 spell: Blink
  4386 | D:8      | Learned a level 1 spell: Apportation
  4407 | D:8      | Found a staircase to the Lair.
  4418 | D:8      | Learned a level 3 spell: Regeneration
  4468 | D:8      | Noticed Erica
  4488 | D:8      | Killed Erica
  4488 | D:8      | Reached skill level 12 in Maces & Flails
  4509 | D:8      | Noticed a two-headed ogre
  4523 | D:8      | Killed a two-headed ogre
  4526 | D:8      | ow
  4541 | D:8      | Noticed Maurice
  4606 | D:8      | Noticed Maurice
  4606 | D:8      | Maurice changed into Maurice the naga
  4617 | D:8      | Killed Maurice the naga
  4617 | D:8      | Reached skill level 7 in Shields
  4764 | D:8      | Reached ** piety under Cheibriados
  4791 | D:8      | Reached skill level 13 in Maces & Flails
  4928 | D:8      | Reached skill level 3 in Fighting
  5024 | D:8      | Noticed Grum
  5060 | D:8      | Killed Grum
  5060 | D:8      | Reached skill level 4 in Fighting
  5060 | D:8      | Reached skill level 2 in Dodging
  5060 | D:8      | Reached XP level 10. HP: 66/94 MP: 13/13
  5073 | D:8      | Reached skill level 5 in Fighting
  5156 | D:9      | Noticed a kobold demonologist
  5183 | D:8      | Killed a kobold demonologist
  5263 | D:9      | Reached skill level 6 in Fighting
  5280 | D:9      | Found a hazy altar of Hepliaklqana.
  5354 | D:9      | Reached skill level 3 in Dodging
  5472 | D:9      | Reached *** piety under Cheibriados
  5573 | D:9      | Reached skill level 1 in Evocations
  5600 | D:9      | Found a shadowy altar of Dithmenos.
  5627 | D:10     | Entered Level 10 of the Dungeon
  5750 | D:10     | Reached skill level 1 in Invocations
  5854 | D:10     | Noticed a cyclops
  5870 | D:10     | Killed a cyclops
  5870 | D:10     | Reached skill level 2 in Throwing
  5870 | D:10     | Reached skill level 2 in Invocations
  6018 | D:10     | Reached skill level 3 in Throwing
  6065 | D:10     | Noticed Sonja
  6065 | D:10     | Noticed Psyche
  6066 | D:10     | jesus
  6067 | D:10     | well shit
  6092 | D:11     | Noticed a death knight
  6168 | D:11     | Reached skill level 4 in Throwing
  6253 | D:11     | Reached **** piety under Cheibriados
  6359 | D:11     | Reached skill level 5 in Throwing
  6398 | D:11     | Noticed a purple ugly thing
  6419 | D:11     | Killed a purple ugly thing
  6419 | D:11     | Reached skill level 3 in Invocations
  6419 | D:11     | Reached XP level 11. HP: 91/107 MP: 14/14
  6504 | D:11     | Reached skill level 6 in Throwing
  6613 | D:11     | Reached skill level 4 in Invocations
  6827 | D:12     | Noticed an unseen horror
  6851 | D:12     | Killed an unseen horror
  6851 | D:12     | Reached ***** piety under Cheibriados
  6851 | D:12     | Reached skill level 7 in Throwing
  6941 | D:12     | Noticed an orc knight
  6958 | D:12     | Killed an orc knight
  6958 | D:12     | Reached skill level 5 in Invocations
  6965 | D:12     | Reached skill level 8 in Throwing
  6967 | D:12     | Noticed a cyan ugly thing
  6999 | D:12     | Noticed an orc knight
  7021 | D:12     | Killed an orc knight
  7089 | D:12     | Noticed a deep elf mage
  7093 | D:12     | Killed a deep elf mage
  7158 | D:11     | Noticed a green ugly thing
  7171 | D:11     | Killed a green ugly thing
  7189 | D:10     | pfff
  7245 | D:9      | Reached skill level 6 in Invocations
  7256 | D:9      | ooooh
  7256 | D:9      | +4 slaying
  7313 | Lair:1   | Entered Level 1 of the Lair of Beasts
  7317 | Lair:1   | Noticed Nergalle
  7329 | Lair:1   | Killed Nergalle
  7373 | Lair:1   | Reached skill level 14 in Maces & Flails
  7379 | Lair:1   | Reached skill level 7 in Fighting
  7379 | Lair:1   | Reached skill level 4 in Dodging
  7709 | Lair:2   | Noticed a griffon
  7717 | Lair:2   | Killed a griffon
  7717 | Lair:2   | Reached XP level 12. HP: 118/118 MP: 16/16
  7882 | Lair:2   | Reached skill level 1 in Translocations
  8071 | Lair:2   | Learned a level 3 spell: Portal Projectile
  8093 | Lair:2   | Found a staircase to the Snake Pit.
  8221 | Lair:3   | Reached skill level 8 in Fighting
  8248 | Lair:3   | Noticed a four-headed hydra
  8258 | Lair:3   | Killed a four-headed hydra
  8258 | Lair:3   | Reached skill level 15 in Maces & Flails
  8258 | Lair:3   | Reached skill level 5 in Dodging
  8308 | Lair:3   | Reached skill level 2 in Translocations
  8415 | Lair:3   | Gained mutation: Your flesh is cold resistant. (rC+) [potion of beneficial mutation]
  8416 | Lair:3   | nice
  8620 | Lair:3   | Gained mutation: Your system is resistant to poisons. (rPois) [potion of beneficial mutation]
  8621 | Lair:3   | really
  8735 | Lair:4   | Reached skill level 7 in Invocations
  8962 | Lair:4   | Reached ****** piety under Cheibriados
  8975 | Lair:4   | Reached skill level 6 in Dodging
  8975 | Lair:4   | Reached skill level 2 in Evocations
  9054 | Lair:4   | Found a staircase to the Swamp.
  9079 | Lair:4   | Reached skill level 3 in Evocations
  9200 | Lair:5   | Noticed a five-headed hydra
  9212 | Lair:5   | Killed a five-headed hydra
  9212 | Lair:5   | Reached XP level 13. HP: 124/128 MP: 18/18
  9283 | Lair:5   | Reached skill level 4 in Evocations
  9287 | Lair:5   | Reached skill level 9 in Fighting
  9293 | Lair:5   | Reached skill level 8 in Shields
  9543 | Lair:6   | Entered Level 6 of the Lair of Beasts
  9548 | Lair:6   | i sure have a good luck for both lake vaults here
  9553 | Lair:6   | Found a staircase to the Slime Pits.
  9757 | Lair:6   | Reached skill level 5 in Evocations
  9912 | Lair:6   | Reached skill level 10 in Fighting
 10001 | Lair:6   | Reached skill level 6 in Evocations
 10125 | Lair:6   | Reached skill level 9 in Shields
 10165 | Lair:6   | Reached skill level 7 in Evocations
 10178 | Lair:6   | Reached skill level 11 in Fighting
 10178 | Lair:6   | Reached XP level 14. HP: 94/146 MP: 19/19
 10530 | Lair:2   | Got a fine flail {flame}
 10531 | Lair:2   | Identified the +11 flail "Iluenad" {flame, Str+7} (You took it off a naga on level 2 of the Lair of Beasts)
 10532 | Lair:2   | yeah, it's decent
 10805 | D:12     | Reached skill level 8 in Evocations
 10830 | D:12     | Found a roughly hewn altar of Beogh.
 10830 | D:12     | Found a staircase to the Orcish Mines.
 11065 | D:13     | Reached skill level 8 in Invocations
 11208 | D:12     | Reached skill level 7 in Dodging
 11338 | D:14     | Reached skill level 9 in Throwing
 11373 | D:14     | Reached skill level 3 in Translocations
 11456 | D:14     | Reached skill level 4 in Translocations
 11529 | D:14     | Found a flagged portal.
 11539 | Bailey   | Entered a bailey
 11580 | Bailey   | Found an iron altar of Okawaru.
 12118 | D:15     | Entered Level 15 of the Dungeon
 12157 | D:15     | Noticed Nessos
 12163 | D:15     | Reached skill level 5 in Translocations
 12163 | D:15     | Reached XP level 15. HP: 146/153 MP: 15/21
 12163 | D:15     | Killed Nessos
 12170 | D:15     | Reached skill level 8 in Dodging
 12375 | D:14     | Noticed Azrael
 12384 | D:14     | Killed Azrael
 12387 | D:14     | Reached skill level 10 in Throwing
 12387 | D:14     | Reached skill level 1 in Armour
 12539 | Orc:1    | Entered Level 1 of the Orcish Mines
 12709 | Orc:2    | Entered Level 2 of the Orcish Mines
 12709 | Orc:2    | Found a staircase to the Elven Halls.
 12718 | Orc:1    | Reached skill level 6 in Translocations
 12857 | Orc:2    | HP: 13/153 [orc knight/bolt (32)]
 12970 | Orc:2    | Reached skill level 2 in Armour
 12986 | Orc:2    | Noticed 4thArraOfDagon's ghost (journeyman TrAr)
 12999 | Orc:2    | Killed 4thArraOfDagon's ghost
 13285 | Orc:2    | Found Papnyr's Gadget Shoppe.
 13285 | Orc:2    | Found Repriynua's Magic Scroll Boutique.
 13287 | Orc:2    | Found Tekyci's Jewellery Shop.
 13289 | Orc:2    | Found Jipreuma's Antique Armour Emporium.
 13296 | Orc:2    | Bought a scroll of blinking for 127 gold pieces
 13304 | Orc:2    | Bought the ring of Peace {rCorr rElec rF+} for 451 gold pieces
 13304 | Orc:2    | Bought the amulet of the Four Winds {rN+ MR+++ Clar} for 328 gold pieces
 13304 | Orc:2    | Bought the amulet of Vitality {Regen+ HP+15} for 407 gold pieces
 13371 | Orc:2    | Bought a scroll of acquirement for 884 gold pieces
 13609 | Orc:2    | Bought a scroll of identify for 34 gold pieces
 13609 | Orc:2    | Bought 2 scrolls of identify for 68 gold pieces
 13609 | Orc:2    | Bought a scroll of magic mapping for 59 gold pieces
 13609 | Orc:2    | Bought a scroll of teleportation for 51 gold pieces
 13609 | Orc:2    | Bought a scroll of teleportation for 51 gold pieces
 13795 | D:15     | Reached skill level 3 in Armour
 13875 | D:15     | Reached skill level 3 in Spellcasting
 13903 | D:15     | Found Aratunef's Book Shop.
 14027 | D:15     | Found a staircase to the Depths.
 14351 | Snake:1  | Entered Level 1 of the Snake Pit
 14469 | Snake:1  | Reached skill level 12 in Fighting
 14675 | Snake:2  | Reached skill level 4 in Spellcasting
 14730 | Snake:1  | Reached skill level 11 in Throwing
 14808 | Snake:2  | Reached skill level 4 in Armour
 14837 | Snake:2  | Reached XP level 16. HP: 165/165 MP: 22/22
 14951 | Snake:2  | Noticed a greater naga
 14965 | Snake:2  | Killed a greater naga
 14965 | Snake:2  | Reached skill level 5 in Spellcasting
 15245 | Snake:3  | Reached skill level 12 in Throwing
 15252 | Snake:3  | Reached skill level 1 in Charms
 15253 | Snake:3  | Noticed a greater naga
 15267 | Snake:3  | Killed a greater naga
 15267 | Snake:3  | Reached skill level 5 in Armour
 15357 | Snake:3  | Reached skill level 2 in Charms
 15588 | Snake:3  | Reached skill level 6 in Armour
 15699 | Snake:3  | Reached skill level 3 in Charms
 15703 | Snake:3  | Noticed a greater naga
 15707 | Snake:3  | Killed a greater naga
 15866 | Snake:3  | Noticed a greater naga
 15873 | Snake:3  | Killed a greater naga
 15873 | Snake:3  | Reached skill level 7 in Armour
 15873 | Snake:3  | Reached skill level 10 in Shields
 15933 | Snake:4  | Entered Level 4 of the Snake Pit
 15949 | Snake:4  | Reached skill level 1 in Necromancy
 16125 | Snake:4  | Reached XP level 17. HP: 154/172 MP: 21/24
 16246 | Snake:4  | Reached skill level 2 in Necromancy
 16292 | Snake:4  | Found Iciome's Gadget Emporium.
 16437 | Snake:4  | Reached skill level 9 in Dodging
 16472 | Snake:4  | Noticed Vashnia
 16521 | Snake:4  | Killed Vashnia
 16521 | Snake:4  | Reached skill level 3 in Necromancy
 16522 | Snake:4  | ha ha fuck you
 16632 | Snake:4  | Reached skill level 10 in Dodging
 16712 | Snake:4  | Reached skill level 13 in Fighting
 16848 | Snake:4  | Reached skill level 11 in Shields
 17023 | Snake:4  | Reached skill level 9 in Invocations
 17031 | Snake:4  | Reached skill level 14 in Fighting
 17079 | Snake:4  | Got a serpentine rune of Zot
 17463 | Swamp:1  | Entered Level 1 of the Swamp
 17483 | Swamp:1  | Reached XP level 18. HP: 121/189 MP: 25/25
 17700 | Swamp:2  | Noticed Aizul
 17708 | Swamp:2  | Killed Aizul
 17712 | Swamp:2  | Reached skill level 16 in Maces & Flails
 17915 | Swamp:2  | Noticed Frances
 17923 | Swamp:2  | Killed Frances
 17953 | Swamp:2  | Noticed Jorgrun
 17958 | Swamp:2  | Killed Jorgrun
 18139 | Swamp:3  | Reached skill level 10 in Invocations
 18148 | Swamp:3  | Reached skill level 17 in Maces & Flails
 18151 | Swamp:3  | Noticed Kirke
 18161 | Swamp:3  | Killed Kirke
 18312 | Swamp:4  | Entered Level 4 of the Swamp
 18366 | Swamp:4  | Noticed ximxim's ghost (adept MiFi)
 18385 | Swamp:4  | Killed ximxim's ghost
 18606 | Swamp:4  | Reached skill level 12 in Shields
 18667 | Swamp:4  | Noticed 4thArraOfDagon's ghost (adept TrAs)
 18684 | Swamp:4  | Killed 4thArraOfDagon's ghost
 18688 | Swamp:4  | Reached skill level 13 in Throwing
 18704 | Swamp:4  | Noticed the 27-headed Lernaean hydra
 18713 | Swamp:4  | Killed the 27-headed Lernaean hydra
 18802 | Swamp:4  | Got a decaying rune of Zot
 18910 | Swamp:3  | Reached XP level 19. HP: 197/197 MP: 27/27
 18979 | Swamp:3  | Reached skill level 11 in Invocations
 19537 | Elf:1    | Entered Level 1 of the Elven Halls
 19938 | D:15     | Bought a book of Minor Magic for 280 gold pieces
 19942 | D:15     | Learned a level 2 spell: Repel Missiles
 20293 | Elf:1    | Reached skill level 14 in Throwing
 20295 | Elf:1    | Reached skill level 9 in Evocations
 20622 | Elf:2    | Found a deep blue altar of Sif Muna.
 20734 | Elf:2    | Reached skill level 13 in Shields
 20918 | Elf:2    | Found a runed gate.
 20918 | Elf:2    | Found a runed gate.
 20918 | Elf:2    | Found a runed gate.
 21236 | Elf:2    | Reached skill level 14 in Shields
 21249 | Elf:2    | thank god slouch works so well against dancing weapons
 21341 | Elf:2    | lajatang and bardiche
 21341 | Elf:2    | no luck here
 21388 | Elf:3    | Entered Level 3 of the Elven Halls
 21393 | Elf:3    | Reached XP level 20. HP: 208/208 MP: 28/28
 21532 | Elf:2    | oh
 21532 | Elf:2    | distortion
 21532 | Elf:2    | ooops
 21738 | Elf:3    | Found Borghac's Distillery.
 21766 | Elf:3    | Noticed Saint Roka
 21766 | Elf:3    | Bought a potion of curing for 54 gold pieces
 21766 | Elf:3    | Bought a potion of heal wounds for 90 gold pieces
 21766 | Elf:3    | Bought a potion of curing for 54 gold pieces
 21861 | Elf:3    | Killed Saint Roka
 21865 | Elf:3    | Reached skill level 15 in Shields
 21892 | Elf:3    | Found Umemob's Gadget Shop.
 22032 | Elf:3    | Noticed Mara
 22032 | Elf:3    | Noticed Louise
 22048 | Elf:3    | Killed Louise
 22052 | Elf:3    | Noticed Leszczynek's illusion
 22113 | Elf:3    | of course my illusion isn't slow
 22113 | Elf:3    | why would it be right
 22136 | Elf:3    | Killed Mara
 22136 | Elf:3    | Reached skill level 15 in Fighting
 22175 | Elf:3    | Bought a phantom mirror for 330 gold pieces
 22175 | Elf:3    | Bought a phantom mirror for 330 gold pieces
 22178 | Elf:3    | Bought a wand of teleportation (4/9) for 264 gold pieces
 22192 | Elf:3    | Found Upru's Assorted Antiques.
 22215 | Elf:3    | Bought a scroll of enchant weapon for 330 gold pieces
 22242 | Elf:3    | Noticed Donald
 22243 | Elf:3    | there's an eveninstar of freezing
 22243 | Elf:3    | good guy donald
 22259 | Elf:3    | Killed Donald
 22302 | Elf:3    | Reached skill level 16 in Fighting
 22363 | Elf:3    | Got an ancient shield
 22375 | Elf:3    | Identified the +5 shield of the Shore {Dex+3 Slay+2} (You took it off a deep elf demonologist on level 3 of the Elven Halls)
 22435 | Elf:3    | Reached skill level 17 in Fighting
 22684 | Elf:3    | Learned a level 3 spell: Confuse
 22691 | Elf:3    | Identified the Collected Works on the Snowflakes and the Birds
 22708 | Elf:3    | Identified Sif Muna's Volume of Nocuous Orientation
 22709 | Elf:3    | Identified the Papyrus of Supportive Changing
 22761 | Elf:3    | Identified the Disquisition on Fiery Earth
 23057 | Orc:2    | Bought a box of beasts for 240 gold pieces
 23057 | Orc:2    | Bought a sack of spiders for 240 gold pieces
 23360 | Slime:1  | Entered Level 1 of the Pits of Slime
 23436 | Slime:2  | Lost mutation: Your flesh is cold resistant. (rC+) [a shining eye]
 23438 | Slime:2  | Reached XP level 21. HP: 171/226 MP: 16/29
 23559 | Slime:2  | Reached skill level 4 in Charms
 23559 | Slime:2  | Reached skill level 12 in Invocations
 23559 | Slime:2  | Gained mutation: You are frail. (-10% HP) [a shining eye]
 23742 | Slime:5  | Entered Level 5 of the Pits of Slime
 23773 | Slime:5  | Noticed the Royal Jelly
 23773 | Slime:5  | god damn it HOW
 23926 | Slime:4  | Lost mutation: You are frail. (-10% HP) [a shining eye]
 23964 | Slime:5  | Reached skill level 5 in Charms
 24016 | Slime:5  | Gained mutation: Potions and wands are less effective at restoring your health. [a shining eye]
 24047 | Slime:5  | Found a viscous altar of Jiyva.
 24087 | Slime:5  | Killed the Royal Jelly
 24087 | Slime:5  | Reached skill level 6 in Charms
 24087 | Slime:5  | Reached skill level 13 in Invocations
 24323 | Slime:5  | Got a slimy rune of Zot
 24401 | Slime:5  | Identified the Collected Works on Creative Transmigration
 24782 | D:14     | Found a gate to the Vaults.
 24788 | D:14     | Reached skill level 8 in Armour
 24872 | Vaults:1 | Entered Level 1 of the Vaults
 25125 | Vaults:1 | XD
 25128 | Vaults:1 | Reached skill level 11 in Dodging
 25360 | Vaults:2 | Reached skill level 9 in Armour
 25779 | Vaults:4 | Reached XP level 22. HP: 233/236 MP: 31/31
 25887 | Vaults:4 | Found Sebresye's Weapon Boutique.
 25918 | Vaults:4 | Reached skill level 15 in Throwing
 26083 | Vaults:4 | Reached skill level 10 in Armour
 26438 | Vaults:3 | Found Uthessin's General Store.
 26446 | Vaults:3 | Bought a potion of curing for 51 gold pieces
 26582 | Vaults:3 | Identified The Compendium of Greatest Risks and Utility
 26934 | Vaults:3 | Found a staircase to the Crypt.
 27290 | Vaults:4 | Found a roughly hewn altar of Beogh.
 27306 | Vaults:4 | Reached skill level 12 in Dodging
 27429 | Vaults:4 | Reached skill level 14 in Invocations
 27623 | Vaults:4 | Lost mutation: Your system is resistant to poisons. (rPois) [potion of cure mutation]
 27623 | Vaults:4 | Lost mutation: You are resistant to hostile enchantments. (MR+) [potion of cure mutation]
 27623 | Vaults:4 | Lost mutation: You have a pair of small horns on your head. [potion of cure mutation]
 27623 | Vaults:4 | Lost mutation: Potions and wands are less effective at restoring your health. [potion of cure mutation]
 27738 | Vaults:4 | Reached XP level 23. HP: 236/244 MP: 33/33
 27772 | Vaults:5 | Entered Level 5 of the Vaults
 27774 | Vaults:5 | all quarters are bad
 27776 | Vaults:5 | Noticed a golden dragon
 27933 | Vaults:4 | Reached skill level 16 in Throwing
 28107 | Vaults:5 | Killed a golden dragon
 28179 | Vaults:4 | Reached skill level 18 in Maces & Flails
 28190 | Vaults:4 | Reached skill level 15 in Invocations
 28301 | Vaults:5 | Noticed a golden dragon
 28310 | Vaults:5 | Killed a golden dragon
 28310 | Vaults:5 | Reached skill level 18 in Fighting
 28528 | Vaults:5 | Learned a level 5 spell: Silence
 28613 | Vaults:5 | Noticed Boris
 28632 | Vaults:5 | Killed Boris
 28710 | Vaults:5 | Reached skill level 16 in Invocations
 28907 | Vaults:5 | Reached skill level 4 in Necromancy
 29020 | Vaults:5 | Identified the Disquisition on Warped Stones
 29024 | Vaults:5 | Got a silver rune of Zot
 29093 | Vaults:5 | Reached skill level 10 in Evocations
 29093 | Vaults:5 | Reached XP level 24. HP: 258/258 MP: 34/35
 29160 | Vaults:5 | Reached skill level 5 in Necromancy
 29347 | Vaults:5 | Noticed Sojobo
 29467 | Vaults:5 | Reached skill level 6 in Necromancy
 29517 | Vaults:4 | i don't think i can do tomb with this char
 29702 | Crypt:1  | Entered Level 1 of the Crypt
 29956 | Crypt:2  | Reached skill level 1 in Unarmed Combat
 29956 | Crypt:2  | Reached skill level 1 in Transmutations
 30021 | Crypt:2  | Reached skill level 2 in Unarmed Combat
 30128 | Crypt:2  | Reached skill level 3 in Unarmed Combat
 30164 | Crypt:1  | Reached skill level 3 in Earth Magic
 30232 | Crypt:1  | Reached skill level 2 in Transmutations
 30405 | Crypt:2  | Reached skill level 4 in Unarmed Combat
 30441 | Crypt:3  | Entered Level 3 of the Crypt
 30511 | Crypt:3  | Reached skill level 3 in Transmutations
 30560 | Crypt:3  | Reached skill level 4 in Earth Magic
 30594 | Crypt:3  | Found an ancient bone altar of Kikubaaqudgha.
 30768 | Crypt:3  | Noticed an ancient lich
 30768 | Crypt:3  | Noticed an ancient lich
 30786 | Crypt:3  | Reached skill level 4 in Transmutations
 30802 | Crypt:3  | Noticed an ancient lich
 30806 | Crypt:3  | Killed an ancient lich
 30806 | Crypt:3  | Reached skill level 5 in Earth Magic
 30820 | Crypt:3  | Killed an ancient lich
 30827 | Crypt:3  | Killed an ancient lich
 30827 | Crypt:3  | Reached skill level 5 in Transmutations
 30827 | Crypt:3  | Reached XP level 25. HP: 267/267 MP: 16/35
 30858 | Crypt:3  | Identified the Incunabulum of Mutagenic Augmentations
 30863 | Crypt:3  | Got a brightly glowing pewter ring
 30865 | Crypt:3  | Identified the ring of Kunlime {+Fly MR++ Int+4} (You found it on level 3 of the Crypt)
 30883 | Crypt:3  | Reached skill level 6 in Earth Magic
 30915 | Crypt:3  | Found a staircase to the Tomb.
 31109 | Crypt:3  | Found a basalt altar of Yredelemnul.
 31145 | Crypt:3  | Reached skill level 6 in Transmutations
 31698 | Vaults:1 | Reached skill level 7 in Earth Magic
 31821 | Vaults:1 | Reached skill level 7 in Transmutations
 32124 | D:15     | Bought a book of Transfigurations for 770 gold pieces
 32137 | D:15     | Learned a level 6 spell: Statue Form
 32185 | Depths:1 | Entered Level 1 of the Depths
 32195 | Depths:1 | Noticed Bai Suzhen
 32210 | D:15     | Killed Bai Suzhen
 32210 | D:15     | Reached skill level 8 in Earth Magic
 32395 | Depths:1 | Found a one-way gate leading to the halls of Pandemonium.
 32427 | Depths:1 | Found a gateway to Hell.
 32555 | Depths:1 | Reached skill level 8 in Transmutations
 32586 | Depths:1 | Found a hazy altar of Hepliaklqana.
 32637 | Depths:1 | Found a shattered altar of Ashenzari.
 32746 | Depths:2 | oh, this level!
 32746 | Depths:2 | great!
 32843 | Depths:2 | Noticed Margery
 32852 | Depths:2 | Killed Margery
 32852 | Depths:2 | Reached skill level 9 in Earth Magic
 32876 | Depths:2 | Got a steaming lapis lazuli ring
 32878 | Depths:2 | Identified the ring of Akkecat {Wiz +Inv rPois rN+ Dex+4} (You found it on level 2 of the Depths)
 33034 | Depths:2 | Found a shimmering altar of Xom.
 33061 | Depths:2 | Reached skill level 9 in Transmutations
 33069 | Depths:2 | Identified the ring "Durhayru" {+Fly rN+ Int+3 Slay+2} (You found it on level 2 of the Depths)
 33117 | Depths:2 | Noticed a juggernaut
 33130 | Depths:2 | Killed a juggernaut
 33130 | Depths:2 | Reached XP level 26. HP: 276/276 MP: 33/35
 33242 | Depths:2 | Noticed a juggernaut
 33255 | Depths:2 | Killed a juggernaut
 33258 | Depths:2 | Reached skill level 10 in Earth Magic
 33303 | Depths:2 | Found a one-way gate to the infinite horrors of the Abyss.
 33339 | Depths:2 | Identified the ring of Lady Luck {+Fly rN+ Dex+3} (You took it off a vampire knight on level 2 of the Depths)
 33490 | Depths:2 | Reached skill level 10 in Transmutations
 33657 | Depths:2 | Got a slimy lapis lazuli ring
 33659 | Depths:2 | Identified the ring of Knowledge {*Corrode +Inv rPois MR+ Int+5} (You found it on level 2 of the Depths)
 33766 | Depths:3 | Found a gateway to a ziggurat.
 33856 | Depths:3 | Found Kucuboug's Food Emporium.
 33944 | Depths:3 | Noticed Boris
 33954 | Depths:3 | Killed Boris
 33998 | Depths:3 | Reached skill level 11 in Earth Magic
 34145 | Depths:3 | Reached skill level 11 in Transmutations
 34417 | Depths:5 | Entered Level 5 of the Depths
 34643 | Depths:5 | Noticed Jory
 34658 | Depths:5 | Killed Jory
 34869 | Depths:4 | wat
 34869 | Depths:4 | oh god
 34879 | Depths:5 | Reached skill level 12 in Earth Magic
 34887 | Depths:5 | Reached XP level 27. HP: 114/284 MP: 29/35
 34935 | Depths:5 | Reached skill level 12 in Transmutations
 35013 | Depths:5 | Noticed Boris
 35024 | Depths:5 | Reached skill level 5 in Unarmed Combat
 35037 | Depths:5 | Killed Boris
 35154 | Depths:5 | Reached skill level 6 in Spellcasting
 35182 | Depths:5 | Reached skill level 7 in Spellcasting
 35324 | Depths:5 | Reached skill level 8 in Spellcasting
 35334 | Depths:5 | Found a runed door.
 35347 | Depths:5 | Found a runed door.
 35347 | Depths:5 | Found a runed door.
 35364 | Depths:5 | Found a runed door.
 35399 | Depths:5 | Reached skill level 9 in Spellcasting
 35460 | Depths:5 | Found a runed door.
 35465 | Depths:5 | Found a runed door.
 35606 | Depths:5 | Found a gate to the Realm of Zot.
 35773 | Pan      | Entered Pandemonium
 35783 | Pan      | Reached skill level 10 in Spellcasting
 35788 | Pan      | Gained mutation: You occasionally shout uncontrollably at your foes. [a neqoxec]
 35789 | Pan      | Noticed Xenyow the pandemonium lord
 35805 | Pan      | Killed Xenyow the pandemonium lord
 35805 | Pan      | Reached skill level 6 in Unarmed Combat
 35843 | Pan      | Reached skill level 7 in Unarmed Combat
 35897 | Pan      | Reached skill level 8 in Unarmed Combat
 36093 | Pan      | Found an exit through the horrors of the Abyss.
 36094 | Pan      | HP: 8/284 [blizzard demon/bolt of cold (47)]
 36188 | Pan      | Reached skill level 9 in Unarmed Combat
 36419 | Pan      | Reached skill level 10 in Unarmed Combat
 36535 | Pan      | Found an exit through the horrors of the Abyss.
 36750 | Pan      | Noticed Ossy the pandemonium lord
 36759 | Pan      | Killed Ossy the pandemonium lord
 36759 | Pan      | Reached skill level 11 in Unarmed Combat
 36859 | Pan      | Reached skill level 12 in Unarmed Combat
 36887 | Pan      | this is both good and bad
 37093 | Pan      | Found a white marble altar of Elyvilon.
 37190 | Pan      | Reached skill level 13 in Unarmed Combat
 37393 | Pan      | HP: 25/284 [daeva/eudemon blade of holy wrath (6)]
 37597 | Pan      | Found a glowing silver altar of Zin.
 37660 | Pan      | Reached skill level 14 in Unarmed Combat
 37992 | Pan      | Reached skill level 15 in Unarmed Combat
 38107 | Pan      | Noticed a seraph
 38159 | Pan      | Killed a seraph
 38177 | Pan      | Found a glowing golden altar of the Shining One.
 38190 | Pan      | Got a demonic rune of Zot
 38197 | Pan      | Identified the Handbook of Atheism (You found it in Pandemonium)
 38291 | Pan      | Reached skill level 16 in Unarmed Combat
 38554 | Pan      | Found an exit through the horrors of the Abyss.
 38668 | Pan      | pfft
 38873 | Pan      | Reached skill level 17 in Unarmed Combat
 38918 | Pan      | Found an exit through the horrors of the Abyss.
 39149 | Pan      | Gained mutation: Potions and wands are less effective at restoring your health. [a cacodemon]
 39230 | Pan      | Reached skill level 19 in Fighting
 39231 | Pan      | Noticed Viacvem the pandemonium lord
 39248 | Pan      | Killed Viacvem the pandemonium lord
 39364 | Pan      | Found an exit through the horrors of the Abyss.
 39467 | Pan      | Noticed Xosaeg the pandemonium lord
 39471 | Pan      | shieeeet
 39476 | Pan      | Killed Xosaeg the pandemonium lord
 39636 | Pan      | Found a runed door.
 39652 | Pan      | Found a runed door.
 39689 | Pan      | Noticed Telon the pandemonium lord
 39874 | Pan      | Reached skill level 17 in Throwing
 39878 | Pan      | Reached skill level 18 in Unarmed Combat
 39930 | Pan      | Reached skill level 20 in Fighting
 40080 | Pan      | Found an exit through the horrors of the Abyss.
 40298 | Pan      | Noticed Umeezic the pandemonium lord
 40320 | Pan      | Killed Umeezic the pandemonium lord
 40435 | Pan      | Noticed Teuwymoq the pandemonium lord
 40443 | Pan      | nice teleport
 40455 | Pan      | Reached skill level 21 in Fighting
 40456 | Pan      | Killed Teuwymoq the pandemonium lord
 40513 | Pan      | HP: 29/388 [daeva/divine providence (13)]
 40514 | Pan      | HP: 12/388 [daeva/divine providence (10)]
 40516 | Pan      | Found an exit through the horrors of the Abyss.
 40520 | Pan      | HP: 5/388 [daeva/divine providence (12)]
 40520 | Pan      | Killed from afar by a daeva

Vault maps used:
D:1:      dpeg_arrival_more_subterranean_lakeside_camping
D:2:      kennysheep_ying_yang, nicolae_overflow_crystal_walls,
          ecumenical_altar_1, grunt_pakellas_mercury
D:3:      makhleb_heckhound_becter, nicolae_qazlal_eye_of_the_storm,
          cheibriados_altar_wand_db
D:4:      lemuel_blue_sif_altar, minmay_misc_feat_x
D:5:      old_standard_altar, kennysheep_mini, first_bread,
          lemuel_another_geyser
D:6:      dk_yredelemnul_ordeal
D:7:      old_standard_altar
D:8:      lair_0_dummy, uniq_maurice, uniq_erica, uniq_grum
D:9:      overflow_temple_1_default, nicolae_overflow_hidden_temple
D:10:     uniq_sonja, uniq_urug, uniq_psyche, uniq_erolcha
D:11:     cheibrodos_stairvault_heist, serial_ice, serial_ice_d, serial_ice_f,
          serial_ice_l, serial_ice_a, serial_ice_e, serial_ice_m, serial_ice_o,
          serial_ice_g, serial_ice_h, serial_ice_c
D:12:     david_orc_5
D:13:     hangedman_weighted_door, david_nohive_1
D:14:     lightli_vaults_fourway_checkpoint, hex_intersection, enter_bailey_8,
          uniq_azrael, uniq_rupert
D:15:     grunt_enter_depths_hoard, amethyst_killhole, serial_shops, shop,
          uniq_roxanne, uniq_nessos
Lair:1:   lemuel_fruit_tree, serial_bayou_shore_a, grunt_megastairs_4,
          uniq_nergalle
Lair:2:   kennysheep_rathole, minmay_snake_entry_guardpost_medium
Lair:3:   cheibrodos_magma_flow, grunt_forest_stairs_basic, fungi_pond_lemuel
Lair:4:   pond_and_an_island_with_a_cottage, nicolae_swamp_entry_splash_gauntlet
Lair:5:   nicolae_quartered_pool_little, nicolae_lair_yak_garden,
          infiniplex_staircase_pool_2, lemuel_fruit_fields, lemuel_fruit_fields
Lair:6:   minmay_lair_end_frog_pond, minmay_slime_entry_jelly_boxes
Swamp:1:  infiniplex_staircase_pool
Swamp:2:  evilmike_swamp_ruin_rubble_1, uniq_jorgrun, uniq_aizul, uniq_frances
Swamp:3:  evilmike_swamp_ruin_house_2, nicolae_swamp_necromancer_hut, uniq_kirke
Swamp:4:  swamp_old_school, swamp_pool3
Snake:2:  spider_trap
Snake:3:  spider_trap
Snake:4:  johnstein_snake_rune_scales, serial_shops, shop_statue, uniq_vashnia
Slime:2:  nicolae_slime_phagocytosis
Slime:4:  cheibrodos_slime_lost_civilization_4
Orc:2:    st_orc_rangers, nicolae_orc_lost_temple
Elf:1:    eino_elf_arrival_customs, evilmike_minifort
Elf:2:    basic_altar, orc_legates
Elf:3:    minmay_elf_hall_quartered_circle, serial_shops, shop, shop, shop,
          feat_on_display, uniq_saint_roka, uniq_mara, uniq_donald, uniq_louise
Vaults:1: hangedman_vaults_nodes, grunt_vaults_funnel,
          nicolae_vaults_little_squares_4, st_lines,
          hangedman_vaults_stretched_pinwheel, v_pattern_3,
          ontoclasm_vaults_twist, nicolae_vaults_little_squares_3
Vaults:2: serial_ice_b, ontoclasm_vaults_eye, nicolae_vaults_big_angled_halls,
          v_alt_pattern_4, vaults_room_fancy_cross, nicolae_vaults_statue_guard,
          ontoclasm_vaults_shuriken, vaults_room_corners, grunt_vaults_swirl,
          vaults_room_pools, uniq_xtahua
Vaults:3: vaults_standard_mumra_enter_the_diamond, ontoclasm_vaults_hangar,
          nicolae_vaults_network_quinsquares, nicolae_vaults_quadrants,
          minmay_crypt_entry_vampire_xt, nicolae_vaults_network_periphery,
          vaults_room_door_ring, hangedman_vaults_maws,
          ontoclasm_vaults_gateway, ontoclasm_vaults_bender,
          nicolae_vaults_little_squares_1, v_misc_8,
          nicolae_vaults_border_crossing, hangedman_vaults_capsules,
          vaults_room_stairs_pillars, vaults_room_stairs_pillars, serial_shops,
          shop
Vaults:4: vaults_dpeg_cross, v_rooms_4, nicolae_vaults_gold_heap,
          nicolae_vaults_specimen_jars, hangedman_vaults_hat, v_misc_12,
          special_room_vaults, grunt_vaults_hallway_long, vaults_dpeg_ring,
          vaults_room_semicircle, serial_shops, nicolae_shop_trees
Vaults:5: uniq_sojobo, uniq_boris
Crypt:1:  grunt_crypt_arrival_guarded_gate
Crypt:3:  david_glass_crypt, basic_altar, hangedman_blasphemy,
          grunt_megastairs_3
Depths:1: grunt_hell_horde, evilmike_ruin_ashenzari, grunt_pan_entry_in_and_out,
          hangedman_feature_mirror, serial_bayou_lagoon_b, serial_bayou_shore_b,
          uniq_bai_suzhen
Depths:2: hangedman_spin_cycle, serial_shops, hell_entry, abyss_entry
Depths:3: kennysheep_blocky_hall, enter_ziggurat_b, serial_shops, shop,
          hell_entry, serial_bayou_pond_d, grunt_pan_entry_spiral, uniq_boris
Depths:4: grunt_deathspiral_large, minmay_room_of_horrors,
          grunt_hell_entry_dis_grunt
Depths:5: evilmike_zot_entry_castle, serial_bayou, serial_bayou_pond_e,
          serial_bayou_pond_c, serial_bayou_pond_e, serial_bayou_lagoon_a,
          serial_sigils_hangedman_confine, hell_entry, serial_bayou_shore_b,
          uniq_jory, uniq_boris
Pan:      rand_demon_3, evilmike_mini_pan_corner, rand_demon_7,
          nicolae_pan_door_chamber, evilmike_holy_pan, rand_demon_9,
          pan_blood_fountain_2, nicolae_pan_cerebovesque_1,
          evilmike_mini_pan_possible_glass, nicolae_pan_gloorx_vloqian_4,
          evilmike_mini_pan_3x3, evilmike_mini_pan_layers, pan_surprise,
          lemuel_hall_of_pain, grunt_pan_frozen_over,
          nicolae_pan_cerebovesque_3, evilmike_mini_pan_doors,
          nicolae_pan_gloorx_vloqian_3, rand_demon_7, rand_demon_6,
          grunt_pan_spiral, rand_demon_7, evilmike_mini_pan_diamond
Bailey:   bailey_axe_of_yendor_kennysheep, bailey

Skill      XL: |  1  2  3  4  5  6  7  8  9 10 11 12 13 14 15 16 17 18 19 20 21 22 23 24 25 26 27 |
---------------+----------------------------------------------------------------------------------+-----
Fighting       | 1 2 4 6 7 8 11 12 14 17 18 21 | 21.7
Maces & Flails | 1 2 4 5 6 7 8 11 13 14 15 17 18 | 18.3
Shields        | 1 2 3 4 6 7 9 10 11 12 14 15 | 15.0
Dodging        | 2 3 4 6 7 8 10 11 12 | 12.0
Evocations     | 1 3 7 8 9 10 | 10.5
Invocations    | 3 6 7 8 9 10 11 13 14 16 | 16.3
Throwing       | 5 8 9 11 12 13 14 15 16 17 | 17.4
Translocations | 2 5 6 |  6.6
Armour         | 4 7 9 10 | 10.7
Spellcasting   | 4 5 10 | 10.0
Charms         | 3 6 |  6.0
Necromancy     | 1 3 4 6 |  6.3
Unarmed Combat | 4 18 | 18.4
Transmutations | 5 9 11 12 | 12.0
Earth Magic    | 5 9 12 | 12.1
Stealth        | |  1.5

Action                   |  1- 3 |  4- 6 |  7- 9 | 10-12 | 13-15 | 16-18 | 19-21 | 22-24 | 25-27 || total
-------------------------+-------+-------+-------+-------+-------+-------+-------+-------+-------++-------
Melee: Club              |    33 |       |       |       |       |       |       |       |       ||    33
       Unarmed           |     1 |       |       |       |       |       |       |       |    73 ||    74
       Whip              |    21 |    44 |       |       |       |       |       |       |       ||    65
       Flail             |       |    55 |   409 |   377 |   608 |   983 |   729 |       |       ||  3161
       Headbutt          |       |       |    57 |   239 |   280 |   329 |   399 |   207 |       ||  1511
       Morningstar       |       |       |       |   308 |   288 |       |       |       |       ||   596
       Eveningstar       |       |       |       |       |       |       |   410 |  1449 |  2217 ||  4076
       Sacred scourge    |       |       |       |       |       |       |       |       |   400 ||   400
Throw: Javelin           |       |       |       |     7 |    17 |       |       |       |       ||    24
       Tomahawk          |       |       |       |     8 |     5 |       |       |       |       ||    13
       Large rock        |       |       |       |       |     6 |    44 |   114 |    96 |   255 ||   515
       Throwing net      |       |       |       |       |       |       |       |     1 |       ||     1
 Cast: Sandblast         |    32 |     5 |     1 |       |       |       |       |       |       ||    38
       Passwall          |       |       |     2 |       |       |     2 |     1 |       |       ||     5
       Apportation       |       |       |       |       |    25 |    22 |    30 |    42 |    82 ||   201
       Regeneration      |       |       |       |       |       |    55 |    92 |   112 |   201 ||   460
       Passage of Golubr |       |       |       |       |       |     4 |     8 |     1 |     8 ||    21
       Portal Projectile |       |       |       |       |       |    12 |    27 |     6 |    21 ||    66
       Repel Missiles    |       |       |       |       |       |       |     7 |     9 |    17 ||    33
       Statue Form       |       |       |       |       |       |       |       |       |    25 ||    25
       Blink             |       |       |       |       |       |       |       |       |     2 ||     2
Invok: Bend Time         |       |     1 |     7 |     5 |     5 |    13 |     6 |    11 |     2 ||    50
       Slouch            |       |       |       |     2 |    16 |     8 |     9 |     8 |    13 ||    56
       Temporal Distorti |       |       |       |       |     1 |       |       |       |       ||     1
       Step From Time    |       |       |       |       |       |       |       |       |     1 ||     1
Evoke: Wand              |       |     4 |     4 |     8 |    10 |     8 |    22 |     2 |     4 ||    62
       Rod               |       |       |       |       |     3 |       |       |       |       ||     3
       Phantom mirror    |       |       |       |       |       |       |     1 |       |       ||     1
       Box of beasts     |       |       |       |       |       |       |       |       |     1 ||     1
  Use: Potion            |     1 |       |    10 |     2 |     1 |     2 |     8 |     3 |    11 ||    38
       Scroll            |       |     4 |     9 |    18 |    11 |    12 |    17 |     9 |    21 ||   101
 Stab: Sleeping          |     3 |       |       |    17 |    10 |       |       |       |       ||    30
       Invisible         |     1 |       |       |       |       |       |       |       |       ||     1
       Distracted        |       |       |       |     1 |       |       |       |       |     4 ||     5
       Petrifying        |       |       |       |       |     1 |       |       |       |       ||     1
       Confused          |       |       |       |       |       |     2 |       |       |       ||     2
  Eat: Chunk             |     1 |     5 |     4 |    12 |    14 |     2 |     5 |     6 |    14 ||    63
       Bread ration      |       |       |     1 |       |       |       |       |     1 |     5 ||     7
       Beef jerky        |       |       |     1 |       |     1 |     4 |     2 |     3 |     1 ||    12
       Pizza             |       |       |       |     1 |       |     5 |     1 |       |     1 ||     8
       Royal jelly       |       |       |       |       |       |       |     6 |       |       ||     6
Armor: Robe              |    32 |    46 |    89 |    39 |       |       |       |       |       ||   206
       Skin              |       |       |     4 |       |       |       |       |       |   188 ||   192
       Troll leather arm |       |       |       |    58 |    45 |       |       |       |       ||   103
       Fire dragon armou |       |       |       |       |    83 |   201 |   215 |   257 |   511 ||  1267
Dodge: Dodged            |    48 |    55 |   101 |   166 |   347 |   484 |   434 |   600 |  1449 ||  3684
       Deflected         |       |       |       |       |       |       |    23 |    30 |    49 ||   102
Block: Shield            |       |    11 |   204 |   362 |   677 |   818 |   607 |  1413 |  2860 ||  6952
       Large shield      |       |       |       |       |       |     4 |   384 |       |       ||   388
